 Dungeon Crawl Stone Soup version 0.31-a0-175-g9f7f995f2b (webtiles) character file.

Game seed: 10261471532061268872

1632 AlmostDecent the Chiller (level 8, -2/60 HPs)
             Began as a Gnoll Ice Elementalist on June 18, 2023.
             Was an Initiate of Vehumet.
             Slain by an ice beast (10 damage)
             ... on level 6 of the Dungeon.
             The game lasted 00:19:25 (5529 turns).

AlmostDecent the Chiller (Gnoll Ice Elementalist)   Turns: 5529, Time: 00:19:25

Health: -2/60      AC:  9    Str:  7    XL:     8   Next: 98%
Magic:  11/17      EV: 12    Int: 18    God:    Vehumet [......]
Gold:   230        SH:  0    Dex: 12    Spells: 8/19 levels left

rFire   . . .        B - +4 quarterstaff (chaos)
rCold   . . .        (shield currently unavailable)
rNeg    . . .        F - +0 acid dragon scales
rPois   .            (no helmet)
rElec   .            C - +1 cloak
rCorr   +            (no gloves)
SInv    .            (no boots)
Will    .....        c - amulet of the acrobat
Stlth   +++          (no ring)
HPRegen 0.30/turn    (no ring)
MPRegen 0.15/turn

%: acrobat
@: freezing walls
A: fangs 1, strong nose, distributed training
a: Renounce Religion


You were on level 6 of the Dungeon.
You worshipped Vehumet.
Vehumet was noncommittal.
You visited 2 branches of the dungeon, and saw 7 of its levels.

You collected 386 gold pieces.
You spent 156 gold pieces at shops.

Inventory:

Hand Weapons
 h - a +0 short sword
 j - a +1 heavy long sword
 t - a +3 whip
 B - a +4 quarterstaff of chaos (weapon)
Armour
 a - a +0 robe
 f - a +0 buckler
 l - a +0 scale mail
 C - a +1 cloak (worn)
 D - a +3 scale mail
 F - +0 acid dragon scales (worn)
Magical Staves
 w - the staff of conjuration "Juduenik" {Dex+3 SInv}
   (You found it on level 3 of the Dungeon)

   [staff of conjuration]

   Base accuracy: +5 Base damage: 5 Base attack delay: 1.2 This weapon's minimum
   attack delay (0.6) is reached at skill level 12.
   Dex:       It affects your dexterity (+3).
   SInv:      It lets you see invisible.
   It falls into the 'Staves' category.
   It is a one-handed weapon.
 y - a staff of earth
Jewellery
 c - an amulet of the acrobat (around neck)
 v - an amulet of faith
 A - a ring of protection from cold
Wands
 n - a wand of digging (8)
 x - a wand of polymorph (6)
Scrolls
 d - 2 scrolls of fear
 i - a scroll of brand weapon
 k - a scroll of identify
 p - 4 scrolls of teleportation
 s - 2 scrolls of blinking
 z - 2 scrolls of revelation
Potions
 b - a potion of magic
 e - a potion of curing
 g - 3 potions of mutation
 m - a potion of ambrosia
 o - 5 potions of heal wounds
 q - a potion of lignification
 r - 2 potions of attraction
 u - a potion of brilliance
 E - a potion of berserk rage {unknown}


   Skills:
 + Level 3.9 Fighting
 + Level 3.9 Short Blades
 + Level 3.9 Long Blades
 + Level 3.9 Axes
 + Level 3.9 Maces & Flails
 + Level 3.9 Polearms
 + Level 3.9 Staves
 + Level 3.9 Ranged Weapons
 + Level 3.9 Throwing
 + Level 3.9 Armour
 + Level 6.1 Dodging
 + Level 5.8 Stealth
 + Level 3.9 Shields
 + Level 3.9 Unarmed Combat
 + Level 6.4 Spellcasting
 + Level 3.2 Conjurations
 + Level 3.2 Hexes
 + Level 3.2 Summonings
 + Level 3.2 Necromancy
 + Level 3.2 Translocations
 + Level 3.2 Transmutations
 + Level 3.2 Fire Magic
 + Level 7.8 Ice Magic
 + Level 3.2 Air Magic
 + Level 3.2 Earth Magic
 + Level 3.2 Poison Magic
 + Level 4.2 Invocations
 + Level 3.9 Evocations


You had 8 spell levels left.
You knew the following spells:

 Your Spells              Type           Power      Damage    Failure   Level
a - Freeze                Ice            100%       1d10      1%          1
b - Frozen Ramparts       Ice            68%        1d11      2%          3
c - Ozocubu's Armour      Ice            34%        N/A       2%          3
d - Summon Ice Beast      Ice/Summ       25%        N/A       22%         4

Your spell library contained the following spells:

 Spells                   Type           Power      Damage    Failure   Level
 Foxfire                  Conj/Fire      68%        2x1d7     5%          1


Dungeon Overview and Level Annotations

Branches:
Dungeon (6/15)             Temple (1/1) D:5

Altars:
Ashenzari
Cheibriados
Dithmenos
Elyvilon
Fedhas
Gozag
Hepliaklqana
Kikubaaqudgha
Makhleb
Nemelex Xobeh
Okawaru
Qazlal
Ru
Trog
Uskayaw
Vehumet
Wu Jian
Xom
Yredelemnul
Zin
The Shining One

Shops:
D:4 *   D:5 ?

Annotations:
D:6 1 runed translucent door, BrainTurd's ghost, novice HOSu


Innate Abilities, Weirdness & Mutations

You have very sharp teeth.
Your uncanny sense of smell can sniff out nearby items.
Your experience applies equally to all skills.


Message History

The ice beast hits you. The ice beast freezes you!
Your ice beast hits the ice beast but does no damage.
You hit the ice beast but do no damage.
The ice beast suddenly seems more resistant.
The ice beast is moderately wounded.
The ice beast hits you but does no damage.
Your ice beast hits the ice beast but does no damage.
The ice beast hits you but does no damage.
You sock the ice beast!
The ice beast resists with some effort.
The ice beast is heavily wounded.
Your ice beast hits the ice beast but does no damage.
The ice beast hits you but does no damage.
The ogre misses you.
Casting: Summon Ice Beast (quite dangerous; 22% risk of failure)
Confirm with . or Enter, or press ? or * to list all spells.
Casting: Frozen Ramparts (dangerous; 2% risk of failure)
Press: ? - help, Dir - look around, f - activate The walls around you are covered in ice.
Your ice beast barely misses the ice beast.
The ice beast barely misses you.
You barely miss the ice beast.
The ice beast is heavily wounded.
Your ice beast hits the ice beast but does no damage.
The wall freezes the ogre.
The ogre hits you with a +0 giant club!!
The ice beast hits your ice beast but does no damage.
You catch the helpless ice beast completely off-guard!
You hit the ice beast.
The ice beast is heavily wounded.
Your ice beast hits the ice beast but does no damage.
The ice beast hits you. The ice beast freezes you!
* * * LOW HITPOINT WARNING * * *
The wall freezes the ogre!
The ogre closely misses you.
You hit the ice beast.
You melt the ice beast.
The ice beast is severely wounded.
Your ice beast closely misses the ice beast.
The ice beast hits you.
* * * LOW HITPOINT WARNING * * *
The ice beast freezes you!
You die...

#.. #.# # ∆ #.# # ∆
#.# #. ∆ #.# #. #
#.# ##.# .###.#
##...## ...##.#
#...O.#####....S#.#
#...Y@..........#.#
#...Y.##'##.... #.#
##...###.# . #.#
######..##### #.#
............# #.#
###########.# #.#
#.# #.# #.# #.# #.#
#.#


You could see an ice beast (resistant, ally target), an ogre and a friendly ice
beast (summoned).

Vanquished Creatures
  Sigmund (D:2)
  A steam dragon (D:5)
  An acid dragon (D:6)
  An orc warrior (D:6)
  An ice beast (D:5)
  2 black bears (D:5)
  3 ogres (D:5)
  A bullfrog (D:6)
  A crimson imp (D:5)
  A howler monkey (D:6)
  Crazy Yiuf (D:4)
  2 orc priests
  3 hounds
  A jelly (D:5)
  4 iguanas
  An orc wizard (D:5)
  3 adders
  A white imp (D:5)
  An ufetubus (D:5)
  A dart slug (D:2)
  13 orcs
  3 bats
  2 endoplasms
  2 giant cockroaches
  9 hobgoblins
  4 jackals (D:1)
  2 kobolds
  2 quokkas
  11 ball pythons
  5 frilled lizards
  7 goblins
  4 rats
95 creatures vanquished.

Vanquished Creatures (collateral kills)
  A hound (D:6)
  A white imp (D:5)
  An orc (D:6)
3 creatures vanquished.

Grand Total: 98 creatures vanquished

Notes
Turn   | Place    | Note
-------+----------+-------------------------------------------
     0 | D:1      | AlmostDecent the Gnoll Ice Elementalist began the quest for
                  | the Orb.
     0 | D:1      | Reached XP level 1. HP: 13/13 MP: 6/6
   278 | D:1      | Reached XP level 2. HP: 17/19 MP: 4/7
  1011 | D:2      | Reached skill level 5 in Spellcasting
  1011 | D:2      | Reached XP level 3. HP: 25/25 MP: 5/9
  1015 | D:2      | Learned a level 3 spell: Frozen Ramparts
  1019 | D:2      | Learned a level 3 spell: Ozocubu's Armour
  1103 | D:2      | Reached skill level 1 in Invocations
  1302 | D:2      | Found a faded altar of an unknown god.
  1565 | D:2      | Noticed Sigmund
  1573 | D:2      | Reached skill level 1 in Fighting
  1573 | D:2      | Reached skill level 1 in Short Blades
  1573 | D:2      | Reached skill level 1 in Long Blades
  1573 | D:2      | Reached skill level 1 in Axes
  1573 | D:2      | Reached skill level 1 in Maces & Flails
  1573 | D:2      | Reached skill level 1 in Polearms
  1573 | D:2      | Reached skill level 1 in Staves
  1573 | D:2      | Reached skill level 1 in Ranged Weapons
  1573 | D:2      | Reached skill level 1 in Throwing
  1573 | D:2      | Reached skill level 1 in Armour
  1573 | D:2      | Reached skill level 1 in Shields
  1573 | D:2      | Reached skill level 1 in Unarmed Combat
  1573 | D:2      | Reached skill level 1 in Evocations
  1582 | D:2      | Killed Sigmund
  1583 | D:2      | Reached skill level 1 in Conjurations
  1583 | D:2      | Reached skill level 1 in Hexes
  1583 | D:2      | Reached skill level 1 in Summonings
  1583 | D:2      | Reached skill level 1 in Necromancy
  1583 | D:2      | Reached skill level 1 in Translocations
  1583 | D:2      | Reached skill level 1 in Transmutations
  1583 | D:2      | Reached skill level 1 in Fire Magic
  1583 | D:2      | Reached skill level 1 in Air Magic
  1583 | D:2      | Reached skill level 1 in Earth Magic
  1583 | D:2      | Reached skill level 1 in Poison Magic
  1583 | D:2      | Reached XP level 4. HP: 18/33 MP: 1/11
  1583 | D:2      | Reached XP level 5. HP: 21/38 MP: 1/12
  1966 | D:2      | Learned a level 4 spell: Summon Ice Beast
  2329 | D:3      | Identified the staff of conjuration "Juduenik" {Dex+3 SInv}
  2616 | D:3      | Reached XP level 6. HP: 44/44 MP: 11/13
  3168 | D:4      | Reached skill level 5 in Dodging
  3299 | D:4      | Found a runed translucent door.
  3300 | D:4      | Noticed Crazy Yiuf
  3308 | D:4      | Killed Crazy Yiuf
  3370 | D:4      | Found Qovuvuowk's Assorted Antiques.
  3376 | D:4      | Bought a scroll labelled SEGEH MAERPHECI for 20 gold pieces
  3376 | D:4      | Bought a scroll labelled ZILEINW CIADU for 20 gold pieces
  3376 | D:4      | Bought a scroll labelled WOM TYAHAKLIFU for 20 gold pieces
  3710 | D:5      | Entered Level 5 of the Dungeon
  3718 | D:5      | Reached XP level 7. HP: 39/50 MP: 4/15
  4000 | D:5      | Reached skill level 5 in Stealth
  4244 | D:5      | Found a staircase to the Ecumenical Temple.
  4250 | D:5      | Reached XP level 8. HP: 58/58 MP: 16/16
  4259 | Temple   | Entered the Ecumenical Temple
  4310 | Temple   | Became a worshipper of Vehumet
  4596 | D:5      | Found Gapinn's Magic Scroll Boutique.
  4599 | D:5      | Bought 3 scrolls of identify for 72 gold pieces
  4599 | D:5      | Bought a scroll of identify for 24 gold pieces
  4938 | D:6      | Noticed BrainTurd's ghost (novice HOSu)
  4941 | D:6      | Found a runed translucent door.
  5146 | D:6      | Reached * piety under Vehumet
  5146 | D:6      | Offered knowledge of Foxfire by Vehumet.
  5529 | D:6      | Slain by an ice beast

Illustrated notes

Levels and vault maps discovered:
D:1:      tarquinn_simple_flora_water_c, layout_loops_ring, solitary_fountain
D:2:      layout_basic, hellmonk_ecumenical_altar_inner_sanctum, uniq_sigmund
D:3:      layout_loops_corners
D:4:      nicolae_cairo_tiling_large_dashed, layout_gridville, serial_shops,
          shop_fountains, hangedman_decor_clover_reticule, serial_park_tiny_1,
          uniq_crazy_yiuf_cottage
D:5:      layout_rooms, minmay_temple_entry_slanted, serial_shops,
          nicolae_shop_rolled_up, kennysheep_small_square
D:6:      minmay_octagon_keep, layout_basic, hellmonk_ghost_happy_afterlife
Temple:   compressed_dpeg_circular_temple

Skill      XL: |  1  2  3  4  5  6  7  8 |
---------------+-------------------------+-----
Spellcasting   | 5 6 |  6.4
Invocations    | 2 3 4 |  4.2
Fighting       | 1 2 3 |  3.9
Short Blades   | 1 2 3 |  3.9
Long Blades    | 1 2 3 |  3.9
Axes           | 1 2 3 |  3.9
Maces & Flails | 1 2 3 |  3.9
Polearms       | 1 2 3 |  3.9
Staves         | 1 2 3 |  3.9
Ranged Weapons | 1 2 3 |  3.9
Throwing       | 1 2 3 |  3.9
Armour         | 1 2 3 |  3.9
Shields        | 1 2 3 |  3.9
Unarmed Combat | 1 2 3 |  3.9
Evocations     | 1 2 3 |  3.9
Conjurations   | 1 2 3 |  3.2
Hexes          | 1 2 3 |  3.2
Summonings     | 1 2 3 |  3.2
Necromancy     | 1 2 3 |  3.2
Translocations | 1 2 3 |  3.2
Transmutations | 1 2 3 |  3.2
Fire Magic     | 1 2 3 |  3.2
Air Magic      | 1 2 3 |  3.2
Earth Magic    | 1 2 3 |  3.2
Poison Magic   | 1 2 3 |  3.2
Dodging        | 5 6 |  6.1
Stealth        | 5 |  5.8
Ice Magic      | |  7.8

Action                     |  1- 3 |  4- 6 |  7- 9 || total
---------------------------+-------+-------+-------++-------
  Melee: Short sword       |    16 |       |       ||    16
         Bite              |     1 |     1 |     6 ||     8
         Unarmed           |     1 |       |       ||     1
         Long sword        |     4 |     1 |       ||     5
         Staff             |       |    11 |       ||    11
         Quarterstaff      |       |     8 |    78 ||    86
   Cast: Freeze            |    45 |    31 |    21 ||    97
         Frozen Ramparts   |     2 |     2 |    12 ||    16
         Summon Ice Beast  |       |     1 |     2 ||     3
         Ozocubu's Armour  |       |       |     2 ||     2
    Use: Scroll            |       |    12 |     5 ||    17
   Stab: Sleeping          |       |     1 |       ||     1
         Distracted        |       |       |     1 ||     1
 Armour: Robe              |     9 |     3 |     6 ||    18
         Acid dragon scale |       |       |     4 ||     4
  Dodge: Dodged            |    47 |    23 |    67 ||   137
  Block: Buckler           |     5 |     7 |       ||    12

Table legend: (Time is in decaauts)
 A = Elapsed time spent in this place.
 B = Non-inter-level travel time spent in this place.
 C = Inter-level travel time spent in this place.
 D = Time resting spent in this place.
 E = Time spent auto-exploring this place.
 F = Levels seen in this place.
 G = Mean time per level.
                   A        B        C        D        E       F      G
               +--------+--------+--------+--------+--------+-----+--------+
         Total |   5543 |   5354 |    189 |    151 |   4387 |   7 |  791.9 |
       Dungeon |   5460 |   5301 |    159 |    151 |   4354 |   6 |  910.0 |
        Temple |     82 |     52 |     30 |      0 |     33 |   1 |   82.0 |
               +--------+--------+--------+--------+--------+-----+--------+

Top non-repeatable levels by time:
     D:2: 1176 daAuts
     D:5: 1026 daAuts
     D:3: 959 daAuts
     D:1: 877 daAuts
     D:6: 721 daAuts
     D:4: 699 daAuts
  Temple: 82 daAuts
